cohdb
Replays
Latest Replays
All Replays
Popular Replays
Top Player Replays
Match Explorer
How It Works
Community
CoH3 Stats
Reddit
Sign in to upload your games and track your stats! →
Sign in with Steam
Match 41628215
Unlisted
Match 41628215
Overview
Messages
Build Orders
End
Kettenkrad Recon Vehicle
Construct Infanterie Kompanie
Grenadier Squad
Selects Terror Battlegroup
Selects Machine Gun Camouflage
MG 42 Machine Gun Team
Grenadier Squad
Infanterie Officer Quarters
Grenadier Squad
MG 42 Machine Gun Team
Selects Interrogate
StriderRx
simiver
新年辞旧喜洋洋
Deadpool
Phan
catcher19
Take care of yourself
kamacura
0
0
Comments
sign in to comment!
No comments posted yet!